 Dungeon Crawl Stone Soup version 0.27-a0-1065-ge809cff456 (webtiles) character file.

Game seed: 17224891356600214027

165 vhaine the Chiller (level 5, -5/35 HPs)
             Began as a Merfolk Ice Elementalist on Apr 23, 2021.
             Slain by an ice beast (8 damage)
             ... on level 4 of the Dungeon.
             The game lasted 00:19:11 (5066 turns).

vhaine the Chiller (Merfolk Ice Elementalist)       Turns: 5066, Time: 00:19:12

Health: -5/35      AC:  3    Str:  8    XL:     5   Next: 46%
Magic:  8/8        EV: 12    Int: 15    God:
Gold:   192        SH:  0    Dex: 15    Spells: 0/8 levels left

rFire    . . .     SeeInvis .   c - +0 trident
rCold    . . .     Faith    .   (no shield)
rNeg     . . .     Spirit   .   a - +0 robe
rPois    .         Reflect  .   (no helmet)
rElec    .         Harm     .   (no cloak)
rCorr    .         Rampage  .   (no gloves)
Will     .....                  h - +0 pair of boots
Stlth    ++........             (no amulet)
HPRegen  0.11/turn              (no ring)
MPRegen  0.11/turn              (no ring)

@: about to teleport
A: (nimble swimmer 2), mertail
a: no special abilities


You were on level 4 of the Dungeon.
You visited 1 branch of the dungeon, and saw 5 of its levels.

You collected 192 gold pieces.

Inventory:

Hand Weapons
 c - a +0 trident (weapon)
Armour
 a - a +0 robe (worn)
 h - a +0 pair of boots (worn)
Jewellery
 d - a ring of protection from cold
Scrolls
 e - 2 scrolls of identify
 f - a scroll of blinking {unknown}
 j - a scroll of magic mapping {unknown}
 l - a scroll of teleportation
 m - a scroll of noise {unknown}
Potions
 b - 4 potions of heal wounds {unknown}
 g - a potion of brilliance {unknown}
 i - a potion of mutation {unknown}
 k - a potion of curing {unknown}


   Skills:
 - Level 2.6 Dodging
 - Level 2.1 Stealth
 - Level 2.0 Spellcasting
 + Level 1.9 Transmutations
 - Level 7.0 Ice Magic


You couldn't memorise any spells.
You knew the following spells:

 Your Spells              Type           Power      Damage    Failure   Level
a - Freeze                Ice            88%        1d10      1%          1
b - Frozen Ramparts       Ice            44%        1d6       3%          3
c - Ice Form              Ice/Tmut       14%        N/A       34%         4

Your spell library contained the following spells:

 Spells                   Type           Power      Damage    Failure   Level
 Ozocubu's Armour         Ice            22%        N/A       3%          3
 Hailstorm                Conj/Ice       12%        3d5       45%         4
 Summon Ice Beast         Ice/Summ       12%        N/A       45%         4
 Metabolic Englaciation   Hex/Ice        6%         N/A       82%         5
 Freezing Cloud           Conj/Ice/Air   4%         6-21      100%        6
 Simulacrum               Ice/Necr       6%         N/A       100%        6
 Ozocubu's Refrigeration  Ice            11%        4d7       100%        7


Dungeon Overview and Level Annotations

Branches:
Dungeon (5/15)
 Temple: D:4-7

Altars:

Annotations:
D:2 Sigmund
D:3 1 exclusion


Innate Abilities, Weirdness & Mutations

((You are quick and stealthy near water. (Stealth+, EV+, Speed+++)))
Your lower body shifts to a powerful aquatic tail in water.


Message History

Your Transmutations skill increases to level 1!
Magic restored.
HP restored.
Done exploring.
You climb downwards.
There is a stone staircase leading up here.
Found 21 stones.
An ice beast comes into view.
Found a stone staircase leading up.
An ice beast is nearby!
An ice beast is nearby!
An ice beast is nearby!
An ice beast is nearby!
There is a stone staircase leading up here.
You climb upwards.
There is a stone staircase leading down here.
There is an open door here.
There is a stone staircase leading up here.
You climb upwards.
Level annotation: 1 exclusion
There is a stone staircase leading down here.
Partly explored, can't reach some places.
There is a stone staircase leading down here.
You climb downwards.
There is a stone staircase leading up here.
There is a stone staircase leading up here.
There is an open door here.
There is a stone staircase leading down here.
You climb downwards.
The ice beast hits you. The ice beast freezes you!
There is a stone staircase leading up here.
The ice beast hits you. The ice beast freezes you!
* * * LOW HITPOINT WARNING * * *
You climb upwards.
There is a stone staircase leading down here.
As you read the scroll labelled JEEFAE DUYXO, it crumbles to dust.
You feel strangely unstable.
It was a scroll of teleportation.
The ice beast hits you.
* * * LOW HITPOINT WARNING * * *
The ice beast freezes you!
You die...

.....# #.# #...#.# .....###
#.# #.#.#.#
.......############.###.#.#.#
...###.##.................#.#
.....................)......#
...###.##'#########.###.....#
..................#.# ####.##
....####....####.##.# #.#
....# #....####@##'######.#
....# #........Y.......##.#
..#.####................##.#
#.......................##.#
#.#.####................##.#
#.#.# #................##.#
#.#.# #...................#
#.#.####................####
#.#.........(...........#


You could see an ice beast.

Vanquished Creatures
  A killer bee (D:4)
  An iguana (D:4)
  A hound skeleton (D:4)
  2 adders (D:2)
  A worm (D:3)
  2 dart slugs
  An orc (D:3)
  4 endoplasms
  3 giant cockroaches
  3 goblins
  8 hobgoblins
  5 jackals
  7 kobolds
  2 quokkas (D:1)
  4 ball pythons
  2 bats (D:1)
  4 frilled lizards
  5 rats
56 creatures vanquished.

Notes
Turn   | Place    | Note
-------+----------+-------------------------------------------
     0 | D:1      | vhaine the Merfolk Ice Elementalist began the quest for the
                  | Orb.
     0 | D:1      | Reached XP level 1. HP: 13/13 MP: 3/3
   443 | D:1      | Reached XP level 2. HP: 17/19 MP: 0/5
   701 | D:1      | Reached skill level 5 in Ice Magic
   849 | D:2      | Noticed Sigmund
  1322 | D:2      | Reached XP level 3. HP: 16/24 MP: 3/6
  2746 | D:3      | Reached skill level 6 in Ice Magic
  2768 | D:3      | Learned a level 3 spell: Frozen Ramparts
  2828 | D:3      | Reached XP level 4. HP: 30/30 MP: 1/7
  3324 | D:3      | Noticed a water moccasin
  3335 | D:3      | Identified a scroll of acquirement
  3505 | D:3      | Acquired a book of Ice
  4198 | D:4      | Reached skill level 7 in Ice Magic
  4198 | D:4      | Reached XP level 5. HP: 26/35 MP: 4/8
  4203 | D:4      | Learned a level 4 spell: Ice Form
  4727 | D:5      | Entered Level 5 of the Dungeon
  4727 | D:5      | Noticed an ice beast
  4750 | D:4      | Reached skill level 1 in Transmutations
  4840 | D:5      | Noticed an ice beast
  5066 | D:4      | Slain by an ice beast

Illustrated notes

Levels and vault maps discovered:
D:1:      scummos_arrival_forest, layout_loops_cross
D:2:      layout_loops_ring, uniq_sigmund
D:3:      minmay_octagon_keep, layout_basic
D:4:      minmay_chambers_of_fours, layout_basic
D:5:      layout_loops_cross, nrook_campfire

Skill      XL: |  1  2  3  4  5 |
---------------+----------------+-----
Ice Magic      | 5 6 7 |  7.0
Transmutations | 1 |  1.9
Dodging        | |  2.6
Stealth        | |  2.1
Spellcasting   | |  2.0

Action                   |  1- 3 |  4- 6 || total
-------------------------+-------+-------++-------
Melee: Unarmed           |     2 |       ||     2
       Trident           |       |    20 ||    20
 Cast: Freeze            |    58 |    27 ||    85
  Use: Scroll            |       |     4 ||     4
 Stab: Sleeping          |       |     4 ||     4
Armor: Robe              |     7 |     5 ||    12
Dodge: Dodged            |    19 |    27 ||    46

Table legend: (Time is in decaauts)
 A = Elapsed time spent in this place.
 B = Non-inter-level travel time spent in this place.
 C = Inter-level travel time spent in this place.
 D = Time resting spent in this place.
 E = Time spent auto-exploring this place.
 F = Levels seen in this place.
 G = Mean time per level.
                   A        B        C        D        E       F      G
               +--------+--------+--------+--------+--------+-----+--------+
         Total |   5079 |   4802 |    277 |   1444 |   2708 |   5 | 1015.8 |
       Dungeon |   5079 |   4802 |    277 |   1444 |   2708 |   5 | 1015.8 |
               +--------+--------+--------+--------+--------+-----+--------+

Top non-repeatable levels by time:
     D:2: 1349 daAuts
     D:3: 1299 daAuts
     D:1: 1231 daAuts
     D:4: 1080 daAuts
     D:5: 118 daAuts
